 Dungeon Sprint DCSS version 0.21-a0-361-g4efd3f9 (webtiles) character file.

9308 Kidiri the Warrior (level 11, -2/114 HPs)
             Began as a Red Draconian Berserker on Oct 13, 2017.
             Was the Champion of Trog.
             Killed from afar by a molten gargoyle (13 damage)
             ... with a bolt of magma
             ... in the Dungeon (Sprint VII: "The Pits").
             The game lasted 00:12:56 (1990 turns).

Kidiri the Warrior (Red Draconian Berserker)        Turns: 1990, Time: 00:12:57

Health: -2/114     AC: 11    Str: 24    XL:     11   Next: 21%
Magic:  3/3        EV: 19    Int: 11    God:    Trog [******]
Gold:   0          SH:  0    Dex: 11    Spells: 10/10 levels left

rFire    + . .     SeeInvis .   F - +1 great mace (antimagic)
rCold    . . .     Gourm    .   (shield currently unavailable)
rNeg     . . .     Faith    .   (armour unavailable)
rPois    .         Spirit   .   (helmet restricted)
rElec    .         Reflect  .   (no cloak)
rCorr    .         Harm     .   (no gloves)
MR       .....     NoTele   +   r - +0 pair of boots
Stlth    +.........             (no amulet)
HPRegen  0.29/turn              i - +3 ring of intelligence
MPRegen  0.08/turn              p - +3 ring of protection

@: berserk cooldown, flying, slowed, very slow
A: breathe fire, unfitting armour, big wings, fire resistance 1, strong 1,
cold-blooded, AC +7
a: Breathe Fire, Stop Flying, Berserk, Trog's Hand, Brothers in Arms, Burn
Spellbooks, Renounce Religion


You were in the Dungeon.
You worshipped Trog.
Trog was exalted by your worship.
You were hungry.

You visited 1 branch

Inventory:

Hand Weapons
 q - a +6 dire flail of protection
 y - a +0 dagger
 C - a +0 dagger
 E - a +0 dagger
 F - a +1 antimagic great mace (weapon)
 G - a +4 scimitar of flaming
 H - a +0 hand axe
 I - a +1 dire flail
 J - a +0 shortbow
 M - a +1 great mace of crushing
Missiles
 a - 8 javelins of penetration
 o - 5 poisoned javelins (quivered)
 K - 11 arrows
Armour
 r - a +0 pair of boots (worn)
 A - a +0 leather armour
 B - a +0 robe
 D - a +0 robe
 L - a +0 chain mail
Magical Staves
 x - an uncursed staff of poison
Jewellery
 i - a +3 ring of intelligence (left hand)
 p - a +3 ring of protection (right hand)
Scrolls
 k - 3 scrolls of remove curse
 l - a scroll of summoning
Potions
 c - 7 potions of curing
 d - 9 potions of heal wounds
 e - a potion of haste
 f - 4 potions of magic
 g - 5 potions of berserk rage
 j - 2 potions of invisibility
 s - 2 potions of resistance
Comestibles
 b - 8 bread rations
 m - 40 fruits
 n - 7 meat rations
 u - 10 chunks of flesh
 z - 4 inedible chunks of flesh


   Skills:
 * Level 15.8 Fighting
 * Level 14.6 Maces & Flails
 + Level 9.9 Throwing
 * Level 13.6 Dodging


You had 10 spell levels left.
You didn't know any spells.

Dungeon Overview and Level Annotations

Branches:
Dungeon (1/1)

Altars:
Ashenzari
Cheibriados
Dithmenos
Elyvilon
Fedhas
Gozag
Hepliaklqana
Kikubaaqudgha
Makhleb
Nemelex Xobeh
Okawaru
Qazlal
Ru
Sif Muna
Trog
Uskayaw
Vehumet
Wu Jian
Xom
Yredelemnul
Zin
The Shining One
Beogh
Jiyva
Lugonu

Annotations:
D exclusions: 5 doors and 4 more exclusions


Innate Abilities, Weirdness & Mutations

You can breathe blasts of fire.
Your fiery red scales are hard. (AC +7)
You cannot fit into any form of body armour.
Your flesh is heat resistant. (rF+)
You are cold-blooded and may be slowed by cold attacks.
Your large and strong wings let you fly indefinitely.
Your muscles are strong. (Str +2)


Message History

The molten gargoyle blasts magma at you!
The bolt of magma misses you.
The molten gargoyle hits you with a flail!
* * * LOW HITPOINT WARNING * * *
You are engulfed in flames.
You resist.
* * * LOW HITPOINT WARNING * * *
There is an open door to the Storerooms (Easy), spattered with blood here.
Unknown command.
You sock the molten gargoyle!
The molten gargoyle is almost destroyed.
The molten gargoyle closely misses you.
Unknown command.
Unknown command.
Unknown command.
You hit the molten gargoyle but do no damage.
You tail-slap the molten gargoyle, but do no damage.
The molten gargoyle is almost destroyed.
The molten gargoyle blasts magma at you!
The bolt of magma hits you! You partially resist.
You die...

############ #_________.#
#_________.#
#_______...###########++#####
##########+##................
#.?(.+)))+.##......#..#......
##########.##................
#.......[)..@9...............
#+#####+#####......#..#......
#.#...#.#..##................
#.#...#)#))#####+#####++#####
#.#.(.+.#))##.......##++### #
#.##+####))##.......##....##.
#(#..)..#[[##.......##...##..
#.#.....#+###...<...##..##...
#)#........##.......##..#...#


You could see a molten gargoyle.

Vanquished Creatures
  A hydra (D)
  A two-headed ogre (D)
  An orc high priest (D)
  An orc knight (D)
  A spiny frog (D)
  An orange demon (D)
  2 demonic crawlers (D)
  An ice devil (D)
  A redback (D)
  A wyvern (D)
  3 yaks (D)
  A hungry ghost (D)
  A basilisk (D)
  A warg (D)
  An orc warrior (D)
  3 sky beasts (D)
  2 black bears (D)
  An eye of draining (D)
  An ogre (D)
  A wolf (D)
  A centaur (D)
  A small abomination (D)
  A quasit (D)
  A hound (D)
  2 orc priests (D)
  An iron imp (D)
  2 orc wizards (D)
  2 gnolls (D)
  An adder (D)
  A river rat (D)
  A worm (D)
  A leopard gecko (D)
  9 orcs (D)
  A bat zombie (D)
  A giant cockroach (D)
  A goblin (D)
  A hobgoblin (D)
  A kobold (D)
  A rat (D)
56 creatures vanquished.

Vanquished Creatures (collateral kills)
  Arachne (D)
  A death yak (D)
  An orc high priest (D)
  A flayed ghost (D)
  An orc sorcerer (D)
  A spiny frog (D)
  An efreet (D)
  A wraith (D)
  A chaos spawn (D)
  A wolf (D)
  An orc wizard (D)
  An iron imp (D)
  2 orcs (D)
14 creatures vanquished.

Grand Total: 70 creatures vanquished

Notes
Turn   | Place    | Note
-------+----------+-------------------------------------------
     0 | D        | Kidiri the Draconian Berserker began the quest for the Orb.
     0 | D        | Reached XP level 1. HP: 19/19 MP: 1/1
    11 | D        | Noticed a demonic crawler
    38 | D        | Found a bloodstained altar of Trog.
    38 | D        | Found a deep blue altar of Sif Muna.
    38 | D        | Found a viscous altar of Jiyva.
    38 | D        | Found a hazy altar of Hepliaklqana.
    38 | D        | Found an opulent altar of Gozag.
    39 | D        | Found a glowing golden altar of the Shining One.
    39 | D        | Found a glowing silver altar of Zin.
    39 | D        | Found a basalt altar of Yredelemnul.
    39 | D        | Found a shimmering altar of Xom.
    39 | D        | Found an ornate altar of the Wu Jian Council.
    39 | D        | Found a sacrificial altar of Ru.
    39 | D        | Found a stormy altar of Qazlal.
    39 | D        | Found an iron altar of Okawaru.
    39 | D        | Found a sparkling altar of Nemelex Xobeh.
    39 | D        | Found a burning altar of Makhleb.
    39 | D        | Found a blossoming altar of Fedhas.
    39 | D        | Found a white marble altar of Elyvilon.
    39 | D        | Found a shadowy altar of Dithmenos.
    39 | D        | Found a snail-covered altar of Cheibriados.
    41 | D        | Found a radiant altar of Vehumet.
    41 | D        | Found a corrupted altar of Lugonu.
    41 | D        | Found a roughly hewn altar of Beogh.
    42 | D        | Found a hide-covered altar of Uskayaw.
    42 | D        | Found an ancient bone altar of Kikubaaqudgha.
    42 | D        | Found a shattered altar of Ashenzari.
    88 | D        | Reached skill level 4 in Fighting
    88 | D        | Reached skill level 1 in Throwing
    88 | D        | Reached XP level 2. HP: 27/27 MP: 2/2
    91 | D        | Reached ** piety under Trog
   237 | D        | Reached XP level 3. HP: 35/35 MP: 3/3
   260 | D        | Reached *** piety under Trog
   261 | D        | Reached skill level 5 in Fighting
   344 | D        | Noticed a sky beast
   358 | D        | Killed a sky beast
   358 | D        | Received a gift from Trog
   358 | D        | Reached skill level 6 in Fighting
   358 | D        | Reached skill level 5 in Maces & Flails
   358 | D        | Reached skill level 5 in Dodging
   358 | D        | Reached XP level 4. HP: 45/45 MP: 4/4
   361 | D        | Reached **** piety under Trog
   366 | D        | Reached skill level 7 in Fighting
   366 | D        | Reached XP level 5. HP: 52/52 MP: 5/5
   369 | D        | Noticed a sky beast
   378 | D        | Reached ***** piety under Trog
   425 | D        | Killed a sky beast
   425 | D        | Received a gift from Trog
   425 | D        | Reached skill level 8 in Fighting
   425 | D        | Reached XP level 6. HP: 39/61 MP: 6/6
   429 | D        | Gained mutation: You occasionally shout uncontrollably at your foes. [mutagenic meat]
   535 | D        | Received a gift from Trog
   746 | D        | Reached skill level 9 in Fighting
   746 | D        | Reached skill level 5 in Throwing
   749 | D        | Received a gift from Trog
   749 | D        | Your scales start taking on a fiery red colour.
   749 | D        | Reached XP level 7. HP: 70/70 MP: 7/7
   749 | D        | Gained mutation: Your flesh is heat resistant. (rF+) [Red Draconian growth]
   810 | D        | Noticed a two-headed ogre
   814 | D        | Reached skill level 10 in Fighting
   819 | D        | Killed a two-headed ogre
   819 | D        | Reached skill level 11 in Fighting
   819 | D        | Reached skill level 10 in Maces & Flails
   819 | D        | Reached XP level 8. HP: 82/82 MP: 8/8
   856 | D        | Lost mutation: You occasionally shout uncontrollably at your foes. [potion of mutation]
   856 | D        | Gained mutation: Your muscles are strong. (Str +2) [potion of mutation]
   856 | D        | Gained mutation: Your large and strong wings let you fly indefinitely. [potion of mutation]
   856 | D        | Gained mutation: You are clumsy. (Dex -2) [potion of mutation]
   856 | D        | Lost mutation: You are clumsy. (Dex -2) [potion of mutation]
   956 | D        | Killed a demonic crawler
   956 | D        | Reached skill level 10 in Dodging
  1005 | D        | Received a gift from Trog
  1005 | D        | Reached skill level 12 in Fighting
  1008 | D        | Reached XP level 9. HP: 90/90 MP: 9/9
  1058 | D        | Noticed an ice devil
  1064 | D        | Killed an ice devil
  1065 | D        | Received a gift from Trog
  1067 | D        | Reached ****** piety under Trog
  1153 | D        | Noticed a demonic crawler
  1165 | D        | Killed a demonic crawler
  1165 | D        | Reached skill level 13 in Fighting
  1200 | D        | Noticed an orange demon
  1209 | D        | Killed an orange demon
  1211 | D        | Noticed a six-headed hydra
  1226 | D        | Killed a six-headed hydra
  1227 | D        | Received a gift from Trog
  1227 | D        | Reached XP level 10. HP: 32/102 MP: 10/10
  1485 | D        | Noticed a spiny frog
  1518 | D        | Killed a spiny frog
  1518 | D        | Reached skill level 14 in Fighting
  1639 | D        | Noticed an orc high priest
  1643 | D        | Received a gift from Trog
  1644 | D        | Killed an orc high priest
  1650 | D        | Received a gift from Trog
  1811 | D        | Noticed a death yak
  1811 | D        | Noticed Arachne
  1815 | D        | Killed a death yak
  1824 | D        | Noticed a soul eater
  1828 | D        | Noticed an orc high priest
  1828 | D        | Noticed an orc sorcerer
  1833 | D        | Killed an orc high priest
  1834 | D        | Killed Arachne
  1834 | D        | Received a gift from Trog
  1834 | D        | Reached skill level 15 in Fighting
  1834 | D        | Reached XP level 11. HP: 37/113 MP: 3/11
  1835 | D        | Received a gift from Trog
  1839 | D        | Killed an orc sorcerer
  1853 | D        | Received a gift from Trog
  1901 | D        | Noticed a flayed ghost
  1902 | D        | Noticed an orc knight
  1902 | D        | Noticed a deep troll
  1903 | D        | Killed a flayed ghost
  1903 | D        | Received a gift from Trog
  1962 | D        | Killed an orc knight
  1962 | D        | Received a gift from Trog
  1990 | D        | Killed from afar by a molten gargoyle

Vault maps used:
D:        pitsprint

Skill      XL: |  1  2  3  4  5  6  7  8  9 10 |
---------------+-------------------------------+-----
Fighting       | 4 6 7 8 9 11 12 13 15 | 15.8
Throwing       | 1 3 4 5 6 7 8 9 |  9.9
Dodging        | 3 4 5 6 8 9 10 11 13 | 13.6
Maces & Flails | 4 5 6 7 8 10 11 12 14 | 14.6

Action                   |  1- 3 |  4- 6 |  7- 9 | 10-12 || total
-------------------------+-------+-------+-------+-------++-------
Melee: Mace              |    27 |       |       |       ||    27
       Tailslap          |     3 |     3 |    16 |     7 ||    29
       Flail             |     6 |    46 |    12 |       ||    64
       Morningstar       |       |       |    45 |    22 ||    67
       Great mace        |       |       |       |    25 ||    25
Invok: Berserk           |     3 |     1 |     6 |     3 ||    13
       Trog's Hand       |     1 |       |       |       ||     1
       Brothers in Arms  |       |       |     1 |     3 ||     4
 Abil: Breathe Fire      |       |       |     6 |     3 ||     9
       Fly               |       |       |     1 |       ||     1
  Use: Potion            |       |       |     2 |     3 ||     5
       Scroll            |       |       |       |     1 ||     1
  Eat: Chunk             |       |     4 |     9 |     8 ||    21
Armor: Skin              |    15 |    14 |    42 |     5 ||    76
Dodge: Dodged            |    35 |    30 |    50 |    38 ||   153

Table legend:
 A = Spawn XP
 B = Non-spawn XP
 C = Spawn XP percentage of total XP
 D = Spawn monster count
 E = Non-spawn monster count
 F = Spawn count percentage of total count
 G = Total turns spent on level
                    A         B        C        D         E        F      G
               +---------+---------+-------+---------+---------+-------+---------
         Total |       0 |   13298 |   0.0 |       0 |      70 |   0.0 |  1990
               +---------+---------+-------+---------+---------+-------+---------
             D |       0 |   13298 |   0.0 |       0 |      70 |   0.0 |  1990
               +---------+---------+-------+---------+---------+-------+---------
